 Dungeon Crawl Stone Soup version 0.20-a0-1066-ga910694 (webtiles) character file.

17 Beargit the Charmwright (level 2, 0/26 HPs)
             Began as a Naga Skald on Apr 28, 2017.
             Slain by a kobold
             ... wielding a +0 club
              (5 damage)
             ... on level 1 of the Dungeon.
             The game lasted 00:01:54 (686 turns).

Beargit the Charmwright (Naga Skald)                 Turns: 686, Time: 00:01:55

Health: 0/26       AC:  2    Str: 13    XL:     2   Next: 62%
Magic:  0/5        EV:  9    Int: 13    God:
Gold:   37         SH:  0    Dex: 10    Spells: 2/5 levels left

rFire    . . .     SeeInvis +   a - +0 spear
rCold    + . .     Gourm    .   (no shield)
rNeg     . . .     Faith    .   b - +0 leather armour
rPois    +         Spirit   .   (no helmet)
rElec    .         Reflect  .   (no cloak)
rCorr    .         Harm     .   (no gloves)
MR       .....                  (no barding)
Stlth    +.........             (no amulet)
Regen    0.1/turn               k - ring of protection from cold
MPRegen  0.1/turn               (no ring)

@: infused, very slow
A: see invisible, deformed body, poison resistance, slowness 2, slow metabolism
1, spit poison 1, AC +0
a: Spit Poison


You were on level 1 of the Dungeon.
You were not hungry.

You visited 1 branch of the dungeon, and saw 1 of its levels.

You collected 37 gold pieces.

Inventory:

Hand Weapons
 a - a +0 spear (weapon)
Missiles
 h - 10 stones (quivered)
Armour
 b - a +0 leather armour (worn)
Jewellery
 k - a ring of protection from cold (left hand)
   (You found it on level 1 of the Dungeon)
Scrolls
 f - a scroll of remove curse {unknown}
 m - a scroll of immolation {unknown}
Potions
 e - a potion of berserk rage {unknown}
 g - a potion of ambrosia {unknown}
 i - 2 potions of curing {unknown}
 l - a potion of resistance {unknown}
Books
 c - a book of Battle
Comestibles
 d - a bread ration


   Skills:
 + Level 2.2 Fighting
 * Level 2.6 Polearms
 - Level 0.7 Armour
 - Level 1.5 Dodging
 + Level 1.6 Stealth
 - Level 2.0 Spellcasting
 - Level 3.0 Charms


You had 2 spell levels left.
You knew the following spells:

 Your Spells              Type           Power        Failure   Level  Hunger
a - Infusion              Chrm           #...         10%         1    ##.....
b - Shroud of Golubria    Chrm/Tloc      #.........   26%         2    ###....


Dungeon Overview and Level Annotations

Branches:
Dungeon (1/15)

Altars:


Innate Abilities, Weirdness & Mutations

You cannot wear boots.
Your serpentine skin is tough. (AC +0)
You have supernaturally acute eyesight. (SInv)
Armour fits poorly on your strangely shaped body.
Your system is resistant to poisons. (rPois)
You cover ground very slowly.
You have a slow metabolism.
You can spit poison.


Message History

The stone hits the jackal but does no damage.
The jackal barks!
A frilled lizard and a jackal come into view.
Aim: a jackal You throw a stone.
The stone barely misses the jackal.
The stone misses the frilled lizard.
The jackal barks!
The frilled lizard hisses angrily. 2 jackals come into view.
The jackal bites you.
You take 1 damage, and have 25/26 hp.
Found a silver ring.
You begin infusing your attacks with magical energy.
The jackal bites you. x2
You take 3 damage, and have 22/26 hp.
You now have 4/5 mp.
You closely miss the jackal.
The jackal bites you but does no damage.
You hit the jackal!
You kill the jackal!
The jackal bites you.
You take 3 damage, and have 19/26 hp.
You now have 3/5 mp.
You hit the jackal!
You kill the jackal!
You now have 2/5 mp.
You barely miss the frilled lizard.
The frilled lizard bites you but does no damage.
The jackal barks! x2
You hit the frilled lizard.
You kill the frilled lizard!
You now have 1/5 mp.
Things that are here:
a jackal corpse x2
Attack whom?
Aim: a jackal You reach to attack!
You barely miss the jackal. You closely miss the jackal.
The jackal closely misses you.
You hit the jackal. The jackal bites you.
You take 1 damage, and have 18/26 hp.
You now have 1/5 mp.
You hit the jackal.
You kill the jackal!
The jackal bites you.
You take 2 damage, and have 16/26 hp.
You now have 0/5 mp.
You barely miss the jackal. The jackal closely misses you.
You hit the jackal but do no damage. The jackal barely misses you.
Aim: a jackal The splash of poison hits the jackal.
You feel slightly more hungry. The jackal misses you.
The jackal barely misses you.
You closely miss the jackal.
Your magical infusion is running out.
The jackal bites you but does no damage.
You hit the jackal but do no damage. The jackal closely misses you.
You closely miss the jackal.
You have got your breath back.
The jackal bites you. x2
You take 2 damage, and have 15/26 hp.
You barely miss the jackal. The jackal barely misses you.
You closely miss the jackal. The jackal barely misses you.
You barely miss the jackal.
The jackal bites you but does no damage.
The jackal bites you.
You take 1 damage, and have 14/26 hp.
You hit the jackal but do no damage.
You are no longer magically infusing your attacks.
The jackal barely misses you.
A kobold comes into view. It is wielding a club.
The kobold shouts!
You hit the jackal. The jackal bites you.
You take 3 damage, and have 11/26 hp.
You closely miss the jackal.
The jackal bites you but does no damage.
The jackal bites you.
You take 1 damage, and have 10/26 hp.
Aim: a jackal (moderately wounded)
Okay, then.
Aim: a jackal (moderately wounded)
The splash of poison misses the jackal.
You feel slightly more hungry.
The jackal bites you but does no damage.
You begin infusing your attacks with magical energy.
The jackal bites you but does no damage.
The jackal closely misses you.
You now have 0/5 mp.
You closely miss the jackal. The jackal bites you.
You take 2 damage, and have 9/26 hp.
You hit the jackal.
You have got your breath back.
The jackal bites you.
You take 1 damage, and have 8/26 hp.
You hit the jackal but do no damage. The jackal barely misses you.
The jackal bites you but does no damage.
You closely miss the jackal. The jackal barely misses you.
You barely miss the jackal. The jackal closely misses you.
The jackal bites you but does no damage.
You closely miss the jackal. The jackal bites you.
* * * LOW HITPOINT WARNING * * *
You take 3 damage, and have 5/26 hp.
You barely miss the jackal. The jackal barely misses you.
You hit the jackal.
You kill the jackal!
You now have 0/5 mp.
You hit the kobold. The kobold hits you with a club.
You die...

(...... #..####.. ..%.... .#
#.....+.. ....... #.#
#####..####..
.......####.#.#...........#..
..........#.#=#######..##.#..
.)..........#.# ......##.#..
..........###.# .......##.#..
..........###.# .......##.#..
...........K@.# ......>...#..
...........#### ##.....#.....
....>......# #.....#.....
...........# ####.....#.....
..#####.##.# #........#....#
#.##.####.#......#....#
#.#.......#......#....#
#....#######......#....#
####. ##.....#.....


You could see a kobold.

Vanquished Creatures
  A leopard gecko (D:1)
  A giant cockroach (D:1)
  2 hobgoblins (D:1)
  4 jackals (D:1)
  2 kobolds (D:1)
  A bat (D:1)
  A frilled lizard (D:1)
  2 rats (D:1)
14 creatures vanquished.

Notes
Turn   | Place    | Note
-------+----------+-------------------------------------------
     0 | D:1      | Beargit the Naga Skald began the quest for the Orb.
     0 | D:1      | Reached XP level 1. HP: 19/19 MP: 3/3
   439 | D:1      | Reached skill level 1 in Stealth
   505 | D:1      | Reached XP level 2. HP: 25/26 MP: 1/5
   552 | D:1      | Learned a level 2 spell: Shroud of Golubria
   683 | D:1      | HP: 5/26 [jackal (3)]
   686 | D:1      | Slain by a kobold

Vault maps used:
D:1:      kennysheep_arrival_seaside, corner_web_ring

Skill      XL: |  1 |
---------------+----+-----
Stealth        | 1 |  1.6
Fighting       | |  2.2
Polearms       | |  2.6
Armour         | |  0.7
Dodging        | |  1.5
Spellcasting   | |  2.0
Charms         | |  3.0

Action                   || total
-------------------------++-------
Melee: Spear             ||    56
Throw: Stone             ||    23
 Cast: Infusion          ||     4
 Abil: Spit Poison       ||     4
Armor: Leather armour    ||    11
Dodge: Dodged            ||    21

Vault maps used:
D:1:      kennysheep_arrival_seaside, corner_web_ring

Table legend:
 A = Turns spent in this place as a percentage of turns spent in the entire game.
 B = Non-inter-level travel turns spent in this place as a percentage of non-inter-level travel turns spent in the entire game.
 C = Inter-level travel turns spent in this place as a percentage of turns spent in this place.
 D = Turns resting spent in this place as a percentage of non-inter-level travel turns spent in this place.
 E = Turns spent auto-exploring this place as a percentage of non-inter-level travel turns spent in this place.
 F = Non-inter-level travel turns spent in this place divided by the number of levels of this place that you've seen.
                   A       B       C       D       E      F
               +-------+-------+-------+-------+-------+----------------------
         Total | 100.0 | 100.0 |   0.0 |   9.2 |  14.4 | 174.0
       Dungeon | 100.0 | 100.0 |   0.0 |   9.2 |  14.4 | 174.0
               +-------+-------+-------+-------+-------+----------------------

Table legend:
 A = Kills in this place as a percentage of kills in entire the game.
 B = Kills by you in this place as a percentage of kills by you in the entire game.
 C = Kills by friends in this place as a percentage of kills by friends in the entire game.
 D = Other kills in this place as a percentage of other kills in the entire game.
 E = Experience gained in this place as a percentage of experience gained in the entire game.
 F = Experience gained in this place divided by the number of levels of this place that you have seen.
                   A       B       C       D       E      F
               +-------+-------+-------+-------+-------+----------------------
         Total | 100.0 | 100.0 |  -nan |  -nan | 100.0 |  25.0
       Dungeon | 100.0 | 100.0 |  -nan |  -nan | 100.0 |  25.0
               +-------+-------+-------+-------+-------+----------------------
